 Dungeon Crawl Stone Soup version 0.26-b1-32-g5d43845318 (webtiles) character file.

Game seed: 4867570881306281111

46 Borgoz the Ducker (level 3, -1/30 HPs)
             Began as a Ghoul Gladiator on Jan 13, 2021.
             Slain by a giant cockroach (2 damage)
             ... on level 2 of the Dungeon.
             The game lasted 00:01:17 (1629 turns).

Borgoz the Ducker (Ghoul Gladiator)                 Turns: 1629, Time: 00:01:18

Health: -1/30      AC:  4    Str: 18    XL:     3   Next: 66%
Magic:  2/2        EV: 12    Int:  3    God:
Gold:   74         SH:  0    Dex: 10    Spells: 2/2 levels left

rFire    . . .     SeeInvis .   a - +0 flail
rCold    + . .     Faith    .   (no shield)
rNeg     + + +     Spirit   .   b - +0 leather armour
rPois    ∞         Reflect  .   c - +0 helmet
rElec    .         Harm     .   (no cloak)
rCorr    .         Rampage  .   (no gloves)
Will     .....                  (no boots)
Stlth    +.........             (no amulet)
HPRegen  0.00/turn              (no ring)
MPRegen  0.08/turn              (no ring)

@: no status effects
A: claws 1, cold resistance 1, negative energy resistance 3, inhibited
regeneration, torment resistance, unbreathing
a: no special abilities


You were on level 2 of the Dungeon.
You visited 1 branch of the dungeon, and saw 2 of its levels.

You collected 74 gold pieces.

Inventory:

Hand Weapons
 a - a +0 flail (weapon)
Missiles
 d - 3 throwing nets (quivered)
Armour
 b - a +0 leather armour (worn)
 c - a +0 helmet (worn)
Jewellery
 f - an uncursed ring of flight
Scrolls
 e - 2 scrolls of remove curse {unknown}
 g - 2 scrolls of blinking {unknown}
 h - a scroll of fear {unknown}
 j - a scroll of amnesia {unknown}
 m - a scroll of teleportation {unknown}
 n - a scroll of random uselessness {unknown}
 o - a scroll of enchant weapon {unknown}
Potions
 i - a potion of berserk rage {unknown}
 k - a potion of haste {unknown}
 l - 2 potions of curing {unknown}


   Skills:
 * Level 2.8 Fighting
 * Level 3.0 Maces & Flails
 - Level 1.7 Throwing
 * Level 1.2 Armour
 * Level 3.1 Dodging


You had 2 spell levels left.
You didn't know any spells.
Your spell library was empty.

Dungeon Overview and Level Annotations

Branches:
Dungeon (2/15)

Altars:


Innate Abilities, Weirdness & Mutations

You thrive by killing the living.
You are immune to poison.
You have sharp fingernails.
Your flesh is cold resistant. (rC+)
You are immune to negative energy. (rN+++)
You do not regenerate when monsters are visible.
You are immune to unholy pain and torment.
You can survive without breathing.


Message History

The giant cockroach closely misses you. The adder barely misses you.
The giant cockroach closely misses you.
You closely miss the giant cockroach. The bat hits you but does no damage.
The adder bites you but does no damage. The giant cockroach bites you.
You closely miss the adder. The bat closely misses you. The adder bites you.
* * * LOW HITPOINT WARNING * * *
The giant cockroach misses you. The adder misses you.
The bat closely misses you. The giant cockroach barely misses you.
You miss the adder. The bat closely misses you. x2
The adder closely misses you. The giant cockroach bites you.
* * * LOW HITPOINT WARNING * * *
The adder misses you.
You hit the adder.
The adder is heavily wounded.
The bat hits you but does no damage. The giant cockroach bites you.
* * * LOW HITPOINT WARNING * * *
The adder bites you.
* * * LOW HITPOINT WARNING * * *
The giant cockroach bites you.
You die...

..... ...... #######
...... ##.....##
.....)
##.......#####......
###
#.........#..b......
...
#........(#..S......
.. #.........#.@B#
#.........#...# #
#.............# #
##.......##...# #
#.........##### #
#.........# ##
#.........## #.
#..........# #.. #.
#.....†....# #.. #.


You could see an adder, a giant cockroach and a bat.

Vanquished Creatures
  2 dart slugs (D:1)
  2 leopard geckos
  3 giant cockroaches
  A goblin (D:1)
  4 hobgoblins
  6 jackals (D:2)
  A ball python (D:1)
  8 bats
  5 frilled lizards
  2 kobolds
  3 rats
37 creatures vanquished.

Notes
Turn   | Place    | Note
-------+----------+-------------------------------------------
     0 | D:1      | Borgoz the Ghoul Gladiator began the quest for the Orb.
     0 | D:1      | Reached XP level 1. HP: 17/17 MP: 0/0
   330 | D:1      | Reached XP level 2. HP: 22/25 MP: 1/1
   775 | D:1      | Reached skill level 1 in Armour
   831 | D:1      | Reached XP level 3. HP: 20/30 MP: 2/2
  1629 | D:2      | HP: 1/30 [adder (5)]
  1629 | D:2      | Slain by a giant cockroach

Illustrated notes

Levels and vault maps discovered:
D:1:      roderic_chinese_lattice_arrival, layout_basic,
          serial_co_window_serial, co_window_of_opportunity_a,
          co_window_paths_a, co_window_corner_a, co_window_paths_a,
          co_window_corner_a, co_window_of_opportunity_c, co_window_cross_4,
          co_window_of_opportunity_c, co_window_of_opportunity_c,
          co_window_of_opportunity_c, co_window_sun, glass_columns_c,
          glass_columns_c, glass_columns_a, corner_web_ring,
          corexii_hall_statues_deadend
D:2:      cheibrodos_helix_gallery, layout_rooms, marbit_many_paths,
          nemelex_dance_club_becter

Skill      XL: |  1  2  3 |
---------------+----------+-----
Armour         | 1 |  1.2
Dodging        | 3 |  3.1
Maces & Flails | 3 |  3.0
Fighting       | |  2.8
Throwing       | |  1.7

Action                   || total
-------------------------++-------
Melee: Flail             ||   130
Armor: Leather armour    ||    66
Dodge: Dodged            ||   141
